 Dungeon Crawl Stone Soup version 0.25.0-10-g039870ee82 (webtiles) character file.

Game seed: 1752956677442981782

32 Lekan the Covered (level 3, -4/33 HPs)
             Began as a Minotaur Fighter on June 23, 2020.
             Slain by Sigmund
             ... wielding a +0 scythe of venom
              (5 damage)
             ... on level 2 of the Dungeon.
             The game lasted 00:02:15 (934 turns).

Lekan the Covered (Minotaur Fighter)                 Turns: 934, Time: 00:02:16

Health: -4/33      AC:  7    Str: 21    XL:     3   Next: 10%
Magic:  2/2        EV:  7    Int:  5    God:
Gold:   106        SH:  9    Dex:  9    Spells: 2/2 levels left

rFire    . . .     SeeInvis .   a - +0 flail
rCold    . . .     Gourm    .   c - +0 kite shield
rNeg     . . .     Faith    .   b - +0 scale mail
rPois    .         Spirit   .   (helmet restricted)
rElec    .         Reflect  .   (no cloak)
rCorr    .         Harm     .   (no gloves)
MR       .....                  (no boots)
Stlth    ..........             (no amulet)
HPRegen  0.11/turn              (no ring)
MPRegen  0.08/turn              (no ring)

@: lethally poisoned (-4 -> -33)
A: retaliatory headbutt, horns 2
a: no special abilities


You were on level 2 of the Dungeon.
You were not hungry.

You visited 1 branch of the dungeon, and saw 2 of its levels.

You collected 106 gold pieces.

Inventory:

Hand Weapons
 a - a +0 flail (weapon)
Armour
 b - a +0 scale mail (worn)
 c - a +0 kite shield (worn)
Scrolls
 e - 2 scrolls of teleportation {unknown}
 h - 3 scrolls of remove curse {unknown}
 j - a scroll of identify {unknown}
 k - a scroll of immolation {unknown}
 l - a scroll of magic mapping {unknown}
Potions
 d - a potion of might
 i - a potion of stabbing {unknown}
 m - a potion of curing {unknown}
 n - a potion of resistance {unknown}
Comestibles
 f - 3 rations
 g - 6 chunks of flesh


   Skills:
 + Level 4.1 Fighting
 + Level 2.9 Maces & Flails
 + Level 4.2 Armour
 + Level 0.1 Dodging
 + Level 4.0 Shields


You had 2 spell levels left.
You didn't know any spells.
Your spell library was empty.

Dungeon Overview and Level Annotations

Branches:
Dungeon (2/15)

Altars:

Annotations:
D:2 Sigmund


Innate Abilities, Weirdness & Mutations

You reflexively headbutt those who attack you in melee.
You have a pair of horns on your head.


Message History

You sock something!
You feel sick. Something hits you.
You are lethally poisoned!
You miss something. You headbutt something!
You feel very sick. Something hits you.
You are more poisoned.
You miss something.
You feel very sick. Something hits you but does no damage.
You are more poisoned.
You closely miss something.
* * * LOW HITPOINT WARNING * * *
You feel very sick. Something hits you.
* * * LOW HITPOINT WARNING * * *
You miss something. Your headbutt misses something.
* * * LOW HITPOINT WARNING * * *
You feel very sick. Something hits you.
You die...

#..#...##.# #.
#.#.#####.# #.#
#.....# #.# #.#
#.....# #.# #.#
#.....# #.#
#.#####.....# #.#
#.##.##.....# #รท#
#...#.....#.###{#
#..###........@.#
##.#.#.###.###.###
#.....####.# #.#
##...##.....###.#
........####....#
........#
###.#.######
.......##
#..........#
.....###
#.#.#.####.#
.#...#
####.#.#.####.#


There were no monsters in sight!

Vanquished Creatures
  An adder (D:2)
  An ooze (D:1)
  A giant cockroach (D:1)
  2 goblins (D:1)
  6 hobgoblins
  A quokka (D:2)
  2 bats (D:1)
  2 frilled lizards
  3 kobolds (D:1)
19 creatures vanquished.

Notes
Turn   | Place    | Note
-------+----------+-------------------------------------------
     0 | D:1      | Lekan the Minotaur Fighter began the quest for the Orb.
     0 | D:1      | Reached XP level 1. HP: 19/19 MP: 0/0
   221 | D:1      | Reached XP level 2. HP: 23/27 MP: 1/1
   820 | D:2      | Reached XP level 3. HP: 33/33 MP: 2/2
   905 | D:2      | Noticed Sigmund
   934 | D:2      | HP: 1/33 [poisoned by Sigmund]
   934 | D:2      | Slain by Sigmund

Illustrated notes

Levels and vault maps discovered:
D:1:      tarquinn_simple_flora_water_b, layout_rooms, minmay_tripent
D:2:      layout_loops_ring, lemuel_crystal_altar, overflow_temple_1_default,
          uniq_sigmund, uniq_terence

Skill      XL: |  1  2 |
---------------+-------+-----
Armour         | 4 |  4.2
Fighting       | 4 |  4.1
Shields        | 4 |  4.0
Maces & Flails | |  2.9
Dodging        | |  0.1

Action                   || total
-------------------------++-------
Melee: Flail             ||    64
       Headbutt          ||    10
Armor: Scale mail        ||    21
Dodge: Dodged            ||    12
Block: Kite shield       ||    32
